 Dungeon Crawl Stone Soup version 0.22.0-16-gc6d26f6 (webtiles) character file.

42 Lauz the Conjurer (level 3, 0/19 HPs)
             Began as a Deep Elf Conjurer on Aug 17, 2018.
             Slain by a scorpion (7 damage)
             ... on level 1 of the Dungeon.
             The game lasted 00:06:27 (1366 turns).

Lauz the Conjurer (Deep Elf Conjurer)               Turns: 1366, Time: 00:06:28

Health: 0/19       AC:  2    Str:  5    XL:     3   Next: 33%
Magic:  4/10       EV: 13    Int: 20    God:
Gold:   115        SH:  0    Dex: 15    Spells: 8/9 levels left

rFire    . . .     SeeInvis .   b - +1 dagger (speed)
rCold    . . .     Gourm    .   (no shield)
rNeg     . . .     Faith    .   a - +0 robe
rPois    .         Spirit   .   (no helmet)
rElec    .         Reflect  .   (no cloak)
rCorr    .         Harm     .   (no gloves)
MR       .....                  (no boots)
Stlth    ++........             (no amulet)
HPRegen  0.06/turn              (no ring)
MPRegen  0.12/turn              (no ring)

@: lethally poisoned (0 -> -8)
A: no striking features
a: no special abilities


You were on level 1 of the Dungeon.
You were not hungry.

You visited 1 branch of the dungeon, and saw 2 of its levels.

You collected 115 gold pieces.

Inventory:

Hand Weapons
 b - a +1 dagger of speed (weapon)
Armour
 a - a +0 robe (worn)
Jewellery
 i - an uncursed amulet of rage {unknown}
Scrolls
 d - 3 scrolls of remove curse {unknown}
 g - a scroll of magic mapping {unknown}
Potions
 e - a potion of mutation {unknown}
 f - a potion of degeneration {unknown}
 h - a potion of brilliance {unknown}
Comestibles
 c - 5 rations


   Skills:
 + Level 0.1 Short Blades
 + Level 2.6 Dodging
 - Level 2.4 Stealth
 + Level 0.1 Unarmed Combat
 + Level 3.7 Spellcasting
 + Level 5.2 Conjurations


You had 8 spell levels left.
You knew the following spells:

 Your Spells              Type           Power        Failure   Level  Hunger
a - Magic Dart            Conj           ###.         1%          1    None

Your spell library contained the following spells:

 Spells                   Type           Power        Failure   Level  Hunger
 Iskenderun's Mystic Bla  Conj           ###.....     16%         4    ####...
 Fulminant Prism          Conj/Hex       ##........   41%         4    ####...
 Dazzling Spray           Conj/Hex       ##....       14%         3    ###....
 Force Lance              Conj/Tloc      ##......     41%         4    ####...
 Searing Ray              Conj           ###...       2%          2    ##.....


Dungeon Overview and Level Annotations

Branches:
Dungeon (2/15)

Altars:


Message History

The scorpion stings you but does no damage.
Casting: Magic Dart (safe; 1% risk of failure)
Confirm with . or Enter, or press ? or * to list all spells.
Aiming: Magic Dart (safe; 1% risk of failure)
Press: ? - help, Shift-Dir - straight line, f/p - scorpion
Aim: a scorpion (heavily wounded)
The magic dart hits the scorpion.
The scorpion is severely wounded.
The scorpion stings you!
You are lethally poisoned!
The scorpion poisons you!
Casting: Magic Dart (safe; 1% risk of failure)
Confirm with . or Enter, or press ? or * to list all spells.
Aiming: Magic Dart (safe; 1% risk of failure)
Press: ? - help, Shift-Dir - straight line, f/p - scorpion
Aim: a scorpion (severely wounded)
The magic dart hits the scorpion.
The scorpion is severely wounded.
You feel sick. The scorpion stings you!
You die...

.#######.....#.....#...+....#.#.#
.##..........+.....'...##...#....
.##.#####....#######.............
.##.# #....#.....'........#####
.##.#####....#.#####..........##.
.##.#.....####.##.....####..#.#.≈
(##.'.....'.....#.##..# #...#.#..
.####....)#######s##..###.....##.
..).'...........@.#.......#######
.####......##########.#####§§## #
## ##'###.# #....#.....##.§§.###
#.# #.###+##.#'#.#..#.§§.### #.#
#.#..........#..'..§.#8#
#.###.#..........#..'...§'.'
#.#...#..........#..'.#.§#8#
#.#...###'##.....#.##...§###
#.....###.##....##.##....###


You could see a scorpion.

Vanquished Creatures
  An ooze (D:1)
  A dart slug (D:1)
  4 bats (D:1)
  3 goblins (D:1)
  2 hobgoblins (D:1)
  8 jackals (D:1)
  8 kobolds
  A frilled lizard (D:1)
  3 rats
31 creatures vanquished.

Notes
Turn   | Place    | Note
-------+----------+-------------------------------------------
     0 | D:1      | Lauz the Deep Elf Conjurer began the quest for the Orb.
     0 | D:1      | Reached XP level 1. HP: 10/10 MP: 6/6
   188 | D:1      | Reached XP level 2. HP: 15/15 MP: 2/8
   338 | D:1      | Reached skill level 5 in Conjurations
   783 | D:1      | Reached XP level 3. HP: 19/19 MP: 8/10
  1310 | D:2      | Noticed a scorpion
  1366 | D:1      | Slain by a scorpion

Skill      XL: |  1  2 |
---------------+-------+-----
Conjurations   | 5 |  5.2
Short Blades   | |  0.1
Dodging        | |  2.6
Stealth        | |  2.4
Unarmed Combat | |  0.1
Spellcasting   | |  3.7

Action                   || total
-------------------------++-------
Melee: Unarmed           ||    17
       Dagger            ||    12
 Cast: Magic Dart        ||    75
  Eat: Chunk             ||     1
Armor: Robe              ||     8
Dodge: Dodged            ||    30
